 Dungeon Crawl Stone Soup version 0.29-a0-275-g389c0b56f3 (webtiles) character file.

Game seed: 8724467403792890253

1774 enile the Cudgeller (level 9, -5/58 HPs)
             Began as an Octopode Wanderer on Mar 12, 2022.
             Was a Follower of Fedhas.
             Killed from afar by an orc wizard (10 damage)
             ... with a magic dart
             ... on level 6 of the Dungeon.
             The game lasted 00:13:46 (9530 turns).

enile the Cudgeller (Octopode Wanderer)             Turns: 9530, Time: 00:13:46

Health: -5/58      AC:  1    Str:  8    XL:     9   Next: 7%
Magic:  13/13      EV: 14    Int: 20    God:    Fedhas [*.....]
Gold:   187        SH:  0    Dex: 13    Spells: 13/14 levels left

rFire   . . .      SeeInvis .   a - +1 dagger (vamp)
rCold   . . .      Faith    .   (no shield)
rNeg    . . .      Spirit   .   (helmet restricted)
rPois   .          Reflect  .   (no amulet)
rElec   .          Harm     .   (no ring)
rCorr   .          Rampage  .   (no ring)
Will    .....                   (no ring)
Stlth   +++.......              (no ring)
HPRegen 0.19/turn               (no ring)
MPRegen 0.13/turn               (no ring)
                                (no ring)
                                (no ring)

@: hasted, studying Maces & Flails, very quick
A: almost no armour, amphibious, 8 rings, camouflage 1, gelatinous body 1,
(nimble swimmer 1), tentacles
a: Renounce Religion


You were on level 6 of the Dungeon.
You worshipped Fedhas.
Fedhas was aware of your devotion.
You visited 1 branch of the dungeon, and saw 7 of its levels.
You also visited: Ossuary.

You collected 187 gold pieces.

Inventory:

Hand Weapons
 a - a +1 vampiric dagger (weapon)
 c - a +0 short sword of draining
 e - a +0 flail
 w - a +2 dagger of holy wrath
Missiles
 o - 4 poisoned darts (quivered)
Wands
 n - a wand of paralysis (8)
Scrolls
 d - 2 scrolls of fear
 i - 4 scrolls of magic mapping
 j - a scroll of noise
 l - 2 scrolls of vulnerability
 v - a scroll of amnesia
Potions
 g - a potion of flight
 m - a potion of brilliance {unknown}
 p - 2 potions of resistance {unknown}
 q - a potion of invisibility {unknown}
 r - a potion of degeneration {unknown}
 s - a potion of experience {unknown}
 u - a potion of attraction {unknown}


   Skills:
 - Level 4.0 Fighting
 - Level 3.0 Short Blades
 - Level 7.0 Maces & Flails
 - Level 5.0 Dodging
 - Level 3.0 Stealth
 - Level 3.0 Spellcasting
 - Level 1.0 Necromancy
 - Level 3.0 Fire Magic
 + Level 6.5 Invocations
 - Level 4.0 Evocations


You had 13 spell levels left.
You knew the following spells:

 Your Spells              Type           Power      Damage    Failure   Level
a - Foxfire               Conj/Fire      36%        2x1d5     8%          1

Your spell library contained the following spells:

 Spells                   Type           Power      Damage    Failure   Level
 Animate Skeleton         Necr           14%        N/A       10%         1
 Sandblast                Erth           6%         2d5       14%         1
 Summon Small Mammal      Summ           12%        N/A       14%         1
 Ensorcelled Hibernation  Hex/Ice        6%         N/A       22%         2
 Passwall                 Tmut/Erth      2%         N/A       22%         2
 Conjure Flame            Conj/Fire      9%         6-21      22%         3
 Vampiric Draining        Necr           7%         2d6       28%         3
 Call Canine Familiar     Summ           3%         N/A       38%         3
 Spider Form              Tmut/Pois      3%         N/A       38%         3
 Stone Arrow              Conj/Erth      6%         3d7       38%         3
 Summon Guardian Golem    Hex/Summ       3%         N/A       38%         3
 Swiftness                Air            3%         N/A       38%         3
 Flame Wave               Conj/Fire      9%         2d5       58%         4
 Anguish                  Hex/Necr       2%         N/A       75%         4


Dungeon Overview and Level Annotations

Branches:
Dungeon (7/15)             Temple (0/1) D:4         Ossuary (visited)

Altars:
Fedhas
Kikubaaqudgha
Nemelex Xobeh
Sif Muna
Wu Jian

Shops:
D:3 (

Annotations:
D:4 2 transporters, frimble's ghost, amateur DjCA


Innate Abilities, Weirdness & Mutations

You cannot wear most types of armour.
You are amphibious.
You can wear up to eight rings at the same time.
Your skin changes colour to match your surroundings (Stealth+).
Your rubbery body absorbs attacks. (AC +1, EV +1)
((You are camouflaged when in or above water. (Stealth+)))
You have tentacles for arms and can constrict up to eight enemies at once.


Message History

You are confused.
You feel invigorated. Something hits you. Something hits you.
* * * LOW HITPOINT WARNING * * *
Something hits you. Something hits you.
You hear some strange, mumbled words.
A puff of flame appears from out of thin air!
The puff of flame misses you.
You feel less invigorated.
You feel less confused. Something hits you but does no damage.
You hit something.
You feel better.
Your squeeze misses something. Something hits you.
You completely miss something. Something hits you.
You hit something but do no damage. Something barely misses you.
You miss something. Something hits you.
You miss something. Something hits you.
You barely miss something. You barely miss something. Something hits you.
* * * LOW HITPOINT WARNING * * *
You barely miss something. Something hits you.
* * * LOW HITPOINT WARNING * * *
You hit something but do no damage. Something hits you.
* * * LOW HITPOINT WARNING * * *
Okay, then.
You feel yourself speed up. Something hits you.
* * * LOW HITPOINT WARNING * * *
You miss something. Something hits you.
* * * LOW HITPOINT WARNING * * *
You closely miss something. Your squeeze misses something.
You barely miss something. Your squeeze misses something. Something hits you.
* * * LOW HITPOINT WARNING * * *
You miss something. You miss something.
You hear some strange, mumbled words.
A magic dart appears from out of thin air!
The magic dart hits you!
You die...
Fedhas appreciates your contribution to the ecosystem.

#.# ######..........#.#.#.#.
#.####........####...#.#.#.#.
#.#..#.#..#...# #...#.#.#.#.
#.#..#.#..#...####...#.#.#.##
#.#..#.##.#...#........#.#.#
#.#..#....#...#.####.###.#.#
#.#.....#.#...#......#.....##
#.#...#.#.#.........)........
#.....#.#..{@......###.#..###
########..#.#.#..#####(# #.#..#
...)................<#.###.#..#
##############.......#.....#..#
#..................#...###..#
#.#########.#.###..#...# #..###
#.# #............# #..... ###.#
#####.###......####.### ....#
#........#.#...........


There were no monsters in sight!

Vanquished Creatures
  2 trolls
  A wraith (Ossuary)
  A water moccasin (D:5)
  A centaur (D:6)
  2 phantoms (D:5)
  A kobold brigand (D:6)
  2 scorpions (D:4)
  A bullfrog (D:6)
  A necrophage (D:6)
  4 hounds
  2 jellies
  A gnoll shaman (D:5)
  Jessica (D:3)
  2 iguanas (D:5)
  3 mummies (Ossuary)
  3 gnolls (D:5)
  5 adders
  4 white imps
  An ufetubus (D:6)
  3 worms
  A dart slug (D:3)
  4 orcs
  5 endoplasms
  6 giant cockroaches
  A gnoll zombie (Ossuary)
  5 goblins
  9 hobgoblins
  2 jackals (D:5)
  17 kobolds
  6 quokkas
  8 ball pythons
  6 bats
  A frilled lizard (D:2)
  4 goblin zombies (Ossuary)
  6 hobgoblin zombies (Ossuary)
  A kobold zombie (Ossuary)
  7 rats
130 creatures vanquished.

Vanquished Creatures (others)
  291 foxfires
  3 plants (D:4)
294 creatures vanquished.

Grand Total: 424 creatures vanquished

Notes
Turn   | Place    | Note
-------+----------+-------------------------------------------
     0 | D:1      | enile the Octopode Wanderer began the quest for the Orb.
     0 | D:1      | enile set off with the following items: a +0 dagger, a
                  | potion of curing, a scroll of fog; and the following spells
                  | available to memorise: Foxfire, Animate Skeleton, Conjure
                  | Flame, Vampiric Draining, Flame Wave
     0 | D:1      | Reached XP level 1. HP: 16/16 MP: 4/4
     2 | D:1      | Learned a level 1 spell: Foxfire
   119 | D:1      | Reached skill level 1 in Dodging
   178 | D:1      | Reached XP level 2. HP: 21/21 MP: 3/6
   699 | D:1      | Reached XP level 3. HP: 25/26 MP: 3/7
  1298 | D:2      | Reached skill level 1 in Stealth
  1465 | D:2      | Reached XP level 4. HP: 18/31 MP: 4/8
  2638 | D:3      | Reached skill level 1 in Short Blades
  3211 | D:3      | Noticed Jessica
  3219 | D:3      | Killed Jessica
  3220 | D:3      | Reached XP level 5. HP: 30/36 MP: 5/9
  3272 | D:3      | Found Letaf's Weapon Shoppe.
  3624 | D:4      | Found a blossoming altar of Fedhas.
  3647 | D:4      | Found an ornate altar of the Wu Jian Council.
  3890 | D:4      | Became a worshipper of Fedhas Madash
  3917 | D:4      | Found a transporter.
  3917 | D:4      | Found a transporter.
  3917 | D:4      | Noticed frimble's ghost (amateur DjCA)
  3925 | D:4      | Found a staircase to the Ecumenical Temple.
  3959 | D:4      | Found a sand-covered staircase.
  3976 | Ossuary  | Entered an ossuary
  3976 | Ossuary  | Noticed a wraith
  3976 | Ossuary  | Noticed a wraith
  3976 | Ossuary  | Noticed a wraith
  4378 | Ossuary  | Reached XP level 6. HP: 26/43 MP: 10/10
  4504 | Ossuary  | Noticed a wraith
  4513 | Ossuary  | Killed a wraith
  4514 | Ossuary  | Reached skill level 1 in Invocations
  4912 | D:4      | Reached * piety under Fedhas
  5241 | D:4      | Reached XP level 7. HP: 30/48 MP: 11/11
  5488 | D:4      | Found a sparkling altar of Nemelex Xobeh.
  5493 | D:4      | Found a shimmering blue altar of Sif Muna.
  5502 | D:4      | Reached skill level 2 in Maces & Flails
  5520 | D:4      | Found an ancient bone altar of Kikubaaqudgha.
  5679 | D:5      | Entered Level 5 of the Dungeon
  5746 | D:5      | Reached skill level 3 in Maces & Flails
  6012 | D:5      | Reached skill level 4 in Maces & Flails
  6677 | D:5      | Reached XP level 8. HP: 54/54 MP: 12/12
  6968 | D:5      | Noticed a troll
  7115 | D:5      | Killed a troll
  7116 | D:5      | Reached skill level 7 in Maces & Flails
  7987 | D:6      | Reached skill level 5 in Dodging
  8203 | D:6      | Reached ** piety under Fedhas
  8624 | D:6      | Noticed a troll
  8633 | D:6      | Killed a troll
  8634 | D:6      | Reached XP level 9. HP: 58/58 MP: 11/13
  9530 | D:6      | Killed from afar by an orc wizard

Illustrated notes

Levels and vault maps discovered:
D:1:      dpeg_arrival_fog, layout_basic, minmay_misc_feat_rows,
          dk_noncrumbling_3, minivault_24
D:2:      minmay_angry_zag, layout_loops_ring, st_stairs_6
D:3:      layout_basic, serial_shops, nicolae_shop_hallway_stairs, uniq_jessica
D:4:      layout_basic, mainiacjoe_overflow_boulevard,
          mainiacjoe_overflow_tiny_flanked, minmay_overflow_temple_star_quad,
          minmay_temple_entry_gardened_gates, gammafunk_ghost_arena,
          nicolae_ossuary_entry_monument, minmay_manual_monstrance
D:5:      layout_loops_ring, nrook_campfire, grunt_tough_drop
D:6:      layout_basic
D:7:      layout_loops_cross, uniq_maggie

Skill      XL: |  1  2  3  4  5  6  7  8 |
---------------+-------------------------+-----
Dodging        | 1 2 3 4 5 |  5.0
Stealth        | 2 3 |  3.0
Short Blades   | 2 3 |  3.0
Fighting       | 4 |  4.0
Invocations    | 2 3 6 |  6.5
Maces & Flails | 4 7 |  7.0
Evocations     | 4 |  4.0
Spellcasting   | |  3.0
Necromancy     | |  1.0
Fire Magic     | |  3.0

Action                   |  1- 3 |  4- 6 |  7- 9 || total
-------------------------+-------+-------+-------++-------
Melee: Dagger            |    26 |    78 |   171 ||   275
       Constrict         |     9 |    18 |    24 ||    51
       Tentacles         |     3 |    25 |    55 ||    83
       Punch             |       |     1 |       ||     1
       Flail             |       |       |     8 ||     8
Throw: Throwing net      |       |       |     4 ||     4
       Dart              |       |       |     5 ||     5
 Cast: Foxfire           |    81 |    84 |    14 ||   179
Invok: Wall of Briars    |       |       |     2 ||     2
Evoke: Wand              |       |       |     2 ||     2
  Use: Scroll            |       |     8 |     6 ||    14
       Potion            |       |     4 |    13 ||    17
 Stab: Sleeping          |       |     7 |     8 ||    15
       Paralysed         |       |       |     5 ||     5
Armor: Skin              |     4 |     6 |    11 ||    21
Dodge: Dodged            |    33 |    34 |    95 ||   162

Table legend: (Time is in decaauts)
 A = Elapsed time spent in this place.
 B = Non-inter-level travel time spent in this place.
 C = Inter-level travel time spent in this place.
 D = Time resting spent in this place.
 E = Time spent auto-exploring this place.
 F = Levels seen in this place.
 G = Mean time per level.
                   A        B        C        D        E       F      G
               +--------+--------+--------+--------+--------+-----+--------+
         Total |   9518 |   9218 |    300 |    947 |   6828 |   8 | 1189.8 |
       Dungeon |   8638 |   8338 |    300 |    808 |   6253 |   7 | 1234.0 |
       Ossuary |    879 |    879 |      0 |    139 |    574 |   1 |  879.0 |
               +--------+--------+--------+--------+--------+-----+--------+

Top non-repeatable levels by time:
     D:5: 2298 daAuts
     D:6: 1498 daAuts
     D:2: 1412 daAuts
     D:4: 1191 daAuts
     D:3: 1119 daAuts
     D:1: 1091 daAuts
 Ossuary: 879 daAuts
     D:7: 27 daAuts
